 Dungeon Crawl Stone Soup version 0.29-a0-717-g6dac4ea423 (webtiles) character file.

Game seed: 12442768472133099919

519816 blackman the Eye of the Storm (level 26, -8/222 (226) HPs)
             Began as a Human Delver on June 26, 2022.
             Was a Priest of Qazlal.
             Mangled by a tentacled monstrosity (14 damage)
             ... on level 2 of the Realm of Zot.
             The game lasted 03:47:20 (78752 turns).

blackman the Eye of the Storm (Human Delver)       Turns: 78752, Time: 03:47:20

HP:   -8/222 (226)  AC: 30    Str: 35    XL:     26   Next: 53%
MP:   39/39         EV:  8    Int:  6    God:    Qazlal [***...]
Gold: 5459          SH: 37    Dex: 22    Spells: 25/25 levels left

rFire   + . .      SeeInvis .   x - +9 broad axe (flame)
rCold   + . .      Faith    +   C - +10 tower shield of Ignorance {rN+ Int-4}
rNeg    + . .      Spirit   .   M - +7 ring mail of the Bells {Slay+4}
rPois   +          Reflect  .   s - +2 helmet
rElec   +          Harm     .   Z - +2 cloak {Will+}
rCorr   +          Rampage  +   Q - +2 pair of gloves
Will    +++..                   W - +2 pair of boots {rampage}
Stlth   ++........              d - amulet of faith
HPRegen 0.47/turn               G - ring "Pugin" {Will+ rCorr Str+7 Slay+3}
MPRegen 0.26/turn               N - ring "Badeon" {rElec rPois Str+6 Dex+2}

@: resistant, marked, slowed, constricted, studying Axes, lightly drained, very
slow
A: agile 1
}: 3/15 runes: decaying, serpentine, silver
a: Renounce Religion, Upheaval, Elemental Force


You were on level 2 of the Realm of Zot.
You worshipped Qazlal.
Qazlal was most pleased with you.
You visited 10 branches of the dungeon, and saw 44 of its levels.
You also visited: Bailey, Gauntlet and Ice Cave.

You collected 6786 gold pieces.
You spent 1327 gold pieces at shops.

Inventory:

Hand Weapons
 x - a +9 broad axe of flaming (weapon)
 F - the +3 greatsling "Punk" {acid, rCorr}
   (You found it on level 4 of the Vaults)

   Any ammunition fired from it is coated in acid, damaging and corroding those
   it strikes.
   rCorr:     It protects you from acid and corrosion.
Missiles
 p - 78 poisoned darts (quivered)
 y - 8 curare-tipped darts
 S - 6 silver boomerangs
 V - a throwing net
Armour
 s - a +2 helmet (worn)
 C - the +10 tower shield of Ignorance (worn) {rN+ Int-4}
   (You acquired it on level 1 of the Swamp)

   Int:       It affects your intelligence (-4).
   rN:        It protects you from negative energy.
 M - the +7 ring mail of the Bells (worn) {Slay+4}
   (You found it on level 6 of the Dungeon)

   Slay:      It affects your accuracy & damage with ranged weapons and melee
   (+4).
 Q - a +2 pair of gloves (worn)
 W - a +2 pair of boots of rampaging (worn)
 Z - a +2 cloak of willpower (worn)
Jewellery
 d - an amulet of faith (around neck)
 h - a ring of protection from fire
 q - a ring of protection from cold
 G - the ring "Pugin" (left hand) {Will+ rCorr Str+7 Slay+3}
   (You found it in an ice cave)

   [ring of willpower]

   Str:       It affects your strength (+7).
   Slay:      It affects your accuracy & damage with ranged weapons and melee
   (+3).
   rCorr:     It protects you from acid and corrosion.
   Will:      It increases your willpower.
 N - the ring "Badeon" (right hand) {rElec rPois Str+6 Dex+2}
   (You found it on level 2 of the Lair of Beasts)

   [ring of strength]

   Str:       It affects your strength (+6).
   Dex:       It affects your dexterity (+2).
   rElec:     It insulates you from electricity.
   rPois:     It protects you from poison.
Wands
 g - a wand of digging (18)
 t - a wand of quicksilver (24)
 H - a wand of charming (22)
 I - a wand of iceblast (21)
Scrolls
 c - 6 scrolls of fog
 e - 2 scrolls of fear
 f - 12 scrolls of magic mapping
 i - 2 scrolls of enchant armour
 j - 3 scrolls of immolation
 m - 6 scrolls of poison
 u - 7 scrolls of amnesia
 v - 5 scrolls of blinking
 w - 2 scrolls of vulnerability
 E - 8 scrolls of teleportation
 K - 4 scrolls of summoning
 X - 4 scrolls of enchant weapon
 Y - 2 scrolls of silence
Potions
 b - 10 potions of attraction
 l - 18 potions of curing
 n - 2 potions of haste
 o - 6 potions of cancellation
 r - 4 potions of lignification
 z - a potion of heal wounds
 A - a potion of magic
 B - 4 potions of berserk rage
 D - 8 potions of brilliance
 J - 6 potions of flight
 L - 9 potions of mutation
 O - 11 potions of ambrosia
 P - 3 potions of resistance
 U - 3 potions of invisibility
Miscellaneous
 a - a box of beasts
 k - a tin of tremorstones (1/2)
 R - a condenser vane (inert)
 T - a phial of floods (inert)


   Skills:
 - Level 22.5 Fighting
 - Level 18.0 Axes
 - Level 16.6 Armour
 * Level 2.3 Dodging
 - Level 5.0 Stealth
 - Level 18.5 Shields
 - Level 25.0 Invocations
 - Level 12.1 Evocations


You had 25 spell levels left.
You didn't know any spells.
Your spell library contained the following spells:

 Spells                   Type           Power      Damage    Failure   Level
 Apportation              Tloc           0%         N/A       83%         1
 Necrotize                Necr           0%         1d4       83%         1
 Sandblast                Erth           0%         2d4       83%         1
 Slow                     Hex            0%         N/A       83%         1
 Sting                    Tmut/Pois      0%         1d3       83%         1
 Summon Small Mammal      Summ           0%         N/A       83%         1
 Blink                    Tloc           0%         N/A       92%         2
 Ensorcelled Hibernation  Hex/Ice        0%         N/A       92%         2
 Passwall                 Tmut/Erth      0%         N/A       92%         2
 Poisonous Vapours        Pois/Air       0%         N/A       92%         2
 Static Discharge         Conj/Air       0%         N/A       92%         2
 Sublimation of Blood     Necr           0%         N/A       92%         2
 Wereblood                Tmut           0%         N/A       92%         2
 Call Canine Familiar     Summ           0%         N/A       99%         3
 Confusing Touch          Hex            0%         N/A       99%         3
 Conjure Flame            Conj/Fire      0%         6-21      99%         3
 Frozen Ramparts          Ice            0%         1d2       99%         3
 Gell's Gravitas          Tloc           0%         N/A       99%         3
 Ignite Poison            Fire/Tmut/Pois 0%         N/A       99%         3
 Inner Flame              Hex/Fire       0%         N/A       99%         3
 Lesser Beckoning         Tloc           0%         N/A       99%         3
 Stone Arrow              Conj/Erth      0%         3d7       99%         3
 Summon Guardian Golem    Hex/Summ       0%         N/A       99%         3
 Swiftness                Air            0%         N/A       99%         3
 Teleport Other           Tloc           0%         N/A       99%         3
 Tukima's Dance           Hex            0%         N/A       99%         3
 Vampiric Draining        Necr           0%         2d6       99%         3
 Animate Armour           Summ/Erth      0%         N/A       100%        4
 Cause Fear               Hex            0%         N/A       100%        4
 Corpse Rot               Necr/Pois/Air  0%         N/A       100%        4
 Dispel Undead            Necr           0%         3d6       100%        4
 Hailstorm                Conj/Ice       0%         3d3       100%        4
 Ice Form                 Ice/Tmut       0%         N/A       100%        4
 Passage of Golubria      Tloc           0%         N/A       100%        4
 Sticky Flame             Conj/Fire      0%         2d3       100%        4
 Summon Ice Beast         Ice/Summ       0%         N/A       100%        4
 Agony                    Necr           0%         N/A       100%        5
 Alistair's Intoxication  Tmut/Pois      0%         N/A       100%        5
 Borgnjor's Vile Clutch   Necr/Erth      0%         N/A       100%        5
 Fireball                 Conj/Fire      0%         3d3       100%        5
 Freezing Cloud           Conj/Ice/Air   0%         6-21      100%        5
 Iskenderun's Battlesphe  Conj           0%         2d6       100%        5
 Manifold Assault         Tloc           0%         N/A       100%        5
 Metabolic Englaciation   Hex/Ice        0%         N/A       100%        5
 Silence                  Hex/Air        0%         N/A       100%        5
 Summon Forest            Summ/Tloc      0%         N/A       100%        5
 Summon Mana Viper        Hex/Summ       0%         N/A       100%        5
 Yara's Violent Unravell  Hex/Tmut       0%         3d3       100%        5
 Conjure Ball Lightning   Conj/Air       0%         3x3d6     100%        6
 Iron Shot                Conj/Erth      0%         9d1       100%        6
 Simulacrum               Ice/Necr       0%         N/A       100%        6
 Starburst                Conj/Fire      0%         6d3       100%        6
 Summon Cactus Giant      Summ           0%         N/A       100%        6
 Monstrous Menagerie      Summ           0%         N/A       100%        7
 Orb of Destruction       Conj           0%         9d5       100%        7
 Storm Form               Tmut/Air       0%         N/A       100%        7
 Summon Hydra             Summ           0%         N/A       100%        7
 Discord                  Hex            0%         N/A       100%        8
 Ignition                 Fire           0%         3d3       100%        8
 Lehudib's Crystal Spear  Conj/Erth      0%         10d2      100%        8


Dungeon Overview and Level Annotations

Branches:
Dungeon (15/15)            Temple (1/1) D:5            Lair (6/6) D:9
  Swamp (4/4) Lair:3        Snake (4/4) Lair:4        Slime (0/5) Lair:6
    Orc (2/2) D:11            Elf (1/3) Orc:2        Vaults (5/5) D:14
  Crypt (0/3) Vaults:3     Depths (4/4) D:15            Zot (2/5) Depths:4
 Bailey (visited)           IceCv (visited)         Gauntlet (visited)

Altars:
Ashenzari
Cheibriados
Dithmenos
Elyvilon
Fedhas
Gozag
Hepliaklqana
Kikubaaqudgha
Makhleb
Nemelex Xobeh
Okawaru
Qazlal
Ru
Sif Muna
Trog
Uskayaw
Vehumet
Wu Jian
Xom
Yredelemnul
Zin
The Shining One
Beogh
Jiyva

Shops:
D:10 (   Orc:2 [(*[*:(   Vaults:1 !   Vaults:4 !   Vaults:5 *:   Depths:1 *[
Depths:3 [(   Depths:4 [

Portals:
Hell: Depths:1 Depths:2 Depths:3 Depths:4
Abyss: Depths:2 Depths:3 Depths:4
Pandemonium: Depths:2 Depths:3 Depths:4
Ziggurat: Depths:2
Trove: Vaults:1 (give 7 scrolls of blinking)

Annotations:
Swamp:1 3 runed translucent doors, DocClef's ghost, journeyman GnFi; Iffuusoj's ghost, adept MiBe; zeratav's ghost, journeyman SpAM; zhov's ghost, journeyman SpHu
Snake:1 Roxanne
Vaults:1 3 runed translucent doors, Ladeyfunk's ghost, adept DsBe; Ruyty's ghost, adept DsGl; Shayle's ghost, adept TeBr; zhov's ghost, adept FoHu
Vaults:2 3 runed translucent doors, HilariousDeathArtist's ghost, adept CeWn
Depths:3 1 runed translucent door


Innate Abilities, Weirdness & Mutations

You are agile. (Dex +4, Str/Int -1)


Message History

You block the tentacled monstrosity's attack.
The tentacled monstrosity tentacle-slaps you but does no damage.
The tentacled monstrosity constricts you.
The white draconian is engulfed in poison gas.
The white draconian looks even sicker.
Flame seeps out of the white draconian.
You block the death cob's attack. The death cob hits you!
* * * LOW HITPOINT WARNING * * *
The death cob drains your vigour!
You feel as though you will be slow longer.
The death cob hits you!!
* * * LOW HITPOINT WARNING * * *
The death cob drains your vigour!
You feel as though you will be slow longer.
The tentacled monstrosity tentacle-slaps you but does no damage. x2
The tentacled monstrosity barely misses you.
The white draconian is engulfed in blazing flames.
Flame seeps out of the white draconian.
The storm dragon is engulfed in blazing flames.
Flame seeps out of the storm dragon.
The storm dragon is engulfed in poison gas.
The storm dragon looks as sick as possible!
Flame seeps out of the storm dragon.
The moth of wrath is engulfed in poison gas.
The moth of wrath looks as sick as possible!
Flame seeps out of the moth of wrath.
The quicksilver dragon is engulfed in blazing flames.
Flame seeps out of the quicksilver dragon.
The quicksilver dragon bites you!!
* * * LOW HITPOINT WARNING * * *
The quicksilver dragon barely misses you.
The storm dragon is engulfed in poison gas.
The storm dragon looks as sick as possible!
Flame seeps out of the storm dragon.
The moth of wrath is engulfed in poison gas.
The moth of wrath looks as sick as possible!
Flame seeps out of the moth of wrath.
The tentacled monstrosity tentacle-slaps you!
* * * LOW HITPOINT WARNING * * *
The tentacled monstrosity tentacle-slaps you!
You die...

####...##(#
##.........## .
#...........#..
≈≈≈§§§§§§§§§...
§§§§..§.§§§§...
§§)°§.DXD§§§...
§§§§°qdDzD.....
§§§§.y8@zD.....
..§§§DXXzD§....
.§§§§dDXy☼§§.##
.§§§§§§§§§§§.#
.§§§§§§§§§§§.#
#.....d§§...##
##...y.......
##...###.....


You could see 2 shadow dragons, 4 tentacled monstrosities, a golden dragon
(berserk, inner flame), 4 storm dragons, 3 draconians, 3 death cobs, a
quicksilver dragon (berserk, inner flame, very poisoned), a red draconian
scorcher (inner flame, very poisoned, waterlogged) and 3 moths of wrath.

Vanquished Creatures
  A juggernaut (Depths:1)
  Sojobo (Depths:3)
  Frederick (Vaults:4)
  5 golden dragons
  Jory (Vaults:4)
  Zenata (Vaults:1)
  A walking crystal tome (Depths:4)
  9 tentacled monstrosities
  A lich (Vaults:4)
  Asterion (Snake:1)
  Rupert (D:14)
  9 quicksilver dragons
  6 sphinxes
  5 titans (Vaults:4)
  Frances (D:14)
  4 death cobs (Zot:1)
  9 shadow dragons
  8 tengu reavers
  7 storm dragons
  10 fire giants
  Donald (Elf:1)
  A fenstrider witch (shapeshifter) (Depths:3)
  4 draconian monks (Depths:4)
  A daeva (Depths:2)
  A fenstrider witch (Swamp:4)
  5 nagarajas (Snake:4)
  A deep elf sorcerer (Vaults:2)
  A draconian stormcaller (Zot:1)
  5 iron dragons
  11 frost giants
  18 vault wardens
  2 orc warlords
  15 ironbound preservers
  3 draconian annihilators
  4 war gargoyles
  A draconian shifter (Zot:1)
  2 draconian scorchers
  3 ghouls (Swamp:1)
  5 ironbound thunderhulks
  A juggernaut skeleton (Depths:3)
  11 stone giants
  32 very ugly things
  A deep elf annihilator (Vaults:4)
  3 eleionomae
  12 black draconians
  A minotaur (Gauntlet)
  5 yellow draconians (Zot:1)
  10 green draconians
  4 purple draconians (Depths:4)
  An entropy weaver (Vaults:1)
  7 red draconians
  4 spark wasps
  8 white draconians
  9 dire elephants
  2 bunyips
  Azrael (Snake:1)
  A blizzard demon (Gauntlet)
  A deep elf death mage (Vaults:5)
  9 ettins
  A crystal guardian (Vaults:3)
  10 fire dragons
  Josephine (D:10)
  18 yaktaur captains
  3 deep elf high priests
  25 hydras
  16 great orbs of eyes
  14 ice dragons
  A hydra (shapeshifter) (Vaults:5)
  8 boulder beetles
  43 vault guards
  3 peacekeepers
  4 spriggan air magi (Depths:3)
  A rakshasa (D:15)
  A caustic shrike simulacrum (Depths:3)
  4 ghost crabs
  11 naga warriors
  5 catoblepae
  18 centaur warriors
  Erica (Lair:2)
  9 ironbound frosthearts
  11 anacondas
  A two-headed ogre (Orc:1)
  A catoblepas (shapeshifter) (Depths:1)
  8 alligators
  3 deep troll shamans
  6 deep troll earth magi
  3 tengu warriors
  6 orc high priests
  A dancing weapon (Elf:1)
  2 vampire magi
  8 shock serpents
  5 spriggan berserkers
  15 naga sharpshooters
  Sonja (Lair:6)
  Urug (D:10)
  12 hell knights
  A shadow wraith (Vaults:4)
  A shock serpent (shapeshifter) (Vaults:5)
  5 iron trolls
  Amaemon (D:8)
  3 skeletal warriors (D:15)
  A fire crab (Lair:6)
  4 goliath frogs
  9 glowing orange brains
  An orange crystal statue (IceCv)
  3 salamander mystics
  2 death drakes (Depths:4)
  39 deep trolls
  23 bog bodies
  A deep elf archer (Vaults:5)
  3 spriggan druids
  A shadow dragon zombie (Vaults:5)
  25 ironbound convokers
  10 swamp dragons
  Pikel (D:8)
  5 phantasmal warriors
  5 wizards
  5 deep elf zephyrmancers
  A wolf spider (shapeshifter) (D:15)
  11 lindwurms
  4 deep elf pyromancers
  9 naga ritualists
  14 orc knights
  3 necromancers
  42 ugly things
  4 orc sorcerers
  11 mana vipers
  2 cyclopes
  2 oklob plants
  9 manticores
  13 salamanders
  A cyclops (shapeshifter) (Vaults:2)
  8 will-o-the-wisps
  A sphinx skeleton (Depths:3)
  12 moths of wrath
  11 elephants
  39 black mambas
  A water nymph (shapeshifter) (Depths:4)
  3 molten gargoyles (Lair:6)
  2 guardian serpents
  An eye of devastation (shapeshifter) (Depths:4)
  Maurice (D:13)
  11 cane toads
  8 storm dragon simulacra (IceCv)
  2 smoke demons
  23 vault sentinels
  20 naga magi
  2 gargoyles
  3 orange demons
  7 spectral spriggans (Swamp:1)
  A hellion (Depths:3)
  4 rime drakes
  An unseen horror (D:11)
  19 komodo dragons
  3 efreet
  28 yaktaurs
  8 golden dragon simulacra (IceCv)
  A yaktaur skeleton (Vaults:5)
  4 freezing wraiths
  6 tengu conjurers
  A red devil (Gauntlet)
  3 meliai (Lair:4)
  A queen bee (Lair:4)
  6 trolls
  A polar bear (Lair:4)
  A merfolk (shapeshifter) (Depths:3)
  11 tyrant leeches
  A bloated husk (Swamp:1)
  12 hornets
  18 blink frogs
  41 slime creatures
  3 dream sheep (D:11)
  7 wraiths
  Sigmund (D:2)
  A centaur simulacrum (D:14)
  11 shadows
  43 yaks
  13 spriggans
  7 wyverns
  4 fire elementals
  9 basilisks
  A neqoxec (Depths:3)
  7 vampire mosquitoes
  3 steam dragons (Lair:6)
  5 wargs
  36 nagas
  26 swamp worms
  17 water moccasins
  5 acid dragons
  6 hell hounds
  A floating eye (Depths:1)
  7 swamp drakes (Swamp:4)
  5 black bears
  34 orc warriors
  A sky beast (shapeshifter) (Vaults:5)
  2 human zombies (Vaults:5)
  A sky beast (D:8)
  3 ice dragon simulacra (IceCv)
  6 wolves
  10 ogres
  5 boggarts (D:14)
  4 centaurs
  A phantom (D:7)
  4 kobold brigands
  A scorpion (shapeshifter) (Vaults:5)
  16 bullfrogs
  4 gnoll sergeants
  A scorpion (D:4)
  7 earth elementals (Depths:1)
  8 wights
  2 troll zombies (D:11)
  41 killer bees
  2 lindwurm simulacra (IceCv)
  6 howler monkeys
  7 electric eels
  5 lava snakes (Lair:6)
  3 crimson imps (Gauntlet)
  2 hounds (D:5)
  15 orc priests
  Crazy Yiuf (D:4)
  4 iguanas
  Terence (D:2)
  22 orc wizards
  Natasha (thrice) (D:3)
  4 ogre zombies (D:11)
  Robin (D:2)
  8 adders
  14 gnolls
  5 shadow imps
  An ufetubus (D:5)
  4 worms
  2 dart slugs
  102 orcs
  6 ball pythons
  7 bats
  4 endoplasms
  3 giant cockroaches
  19 hobgoblins
  2 jackals (D:5)
  29 kobolds
  4 quokkas
  4 frilled lizards
  21 goblins
  2 goblin skeletons (D:11)
  5 goblin zombies (D:11)
  2 hobgoblin zombies (D:11)
  10 orc zombies (D:11)
  6 rats
  A spectral orc (D:3)
  6 briar patches (Swamp:3)
1883 creatures vanquished.

Vanquished Creatures (collateral kills)
  A purple draconian (Depths:4)
1 creature vanquished.

Vanquished Creatures (others)
  A spectral spriggan (Swamp:1)
  2 bloated husks
  A hornet (Swamp:1)
  A swamp drake (Swamp:1)
  An orc (Vaults:5)
  42 foxfires
  41 fungi
  45 plants
134 creatures vanquished.

Grand Total: 2018 creatures vanquished

Notes
Turn   | Place    | Note
-------+----------+-------------------------------------------
     0 | D:5      | blackman the Human Delver began the quest for the Orb.
     0 | D:5      | Reached XP level 1. HP: 18/18 MP: 1/1
    30 | D:5      | Found a staircase to the Ecumenical Temple.
    39 | Temple   | Entered the Ecumenical Temple
   131 | Temple   | Became a worshipper of Qazlal Stormbringer
   140 | D:5      | Noticed an iguana
   142 | D:5      | Noticed a centaur
   261 | D:4      | Noticed an ogre
   306 | D:3      | Found a shimmering altar of Xom.
   320 | D:3      | Reached XP level 2. HP: 19/24 MP: 2/2
   484 | D:2      | Reached XP level 3. HP: 12/29 MP: 3/3
  1058 | D:1      | Reached * piety under Qazlal
  1268 | D:1      | Reached XP level 4. HP: 35/35 MP: 4/4
  1339 | D:1      | Found a faded altar of an unknown god.
  1970 | D:2      | Noticed Robin
  2012 | D:2      | Killed Robin
  2012 | D:2      | Reached ** piety under Qazlal
  2241 | D:2      | Reached XP level 5. HP: 41/41 MP: 5/5
  2493 | D:2      | Noticed Terence
  2509 | D:2      | Killed Terence
  2510 | D:2      | Reached skill level 5 in Axes
  2732 | D:2      | Noticed Sigmund
  2757 | D:2      | Killed Sigmund
  2758 | D:2      | Reached XP level 6. HP: 26/47 MP: 6/6
  3214 | D:3      | Noticed Natasha
  3222 | D:3      | Killed Natasha
  3278 | D:3      | Noticed Natasha
  3285 | D:3      | Killed Natasha
  3286 | D:3      | Reached XP level 7. HP: 44/52 MP: 7/7
  3455 | D:3      | Found a basalt altar of Yredelemnul.
  3709 | D:3      | Noticed Natasha
  3720 | D:3      | Killed Natasha
  4079 | D:4      | Identified a scroll of acquirement
  4086 | D:4      | Acquired a +1 broad axe of electrocution
  4216 | D:4      | Reached *** piety under Qazlal
  4905 | D:4      | Found a runed translucent door.
  4906 | D:4      | Noticed Crazy Yiuf
  4938 | D:4      | Killed Crazy Yiuf
  5409 | D:5      | Reached XP level 8. HP: 58/58 MP: 8/8
  6975 | D:6      | Reached skill level 10 in Axes
  7324 | D:6      | Reached skill level 1 in Invocations
  7465 | D:6      | Identified the +7 ring mail of the Bells {Slay+4}
  7655 | D:6      | Reached skill level 2 in Invocations
  7695 | D:6      | Reached skill level 3 in Invocations
  7725 | D:6      | Found a bloodstained altar of Trog.
  7729 | D:6      | Reached skill level 4 in Invocations
  7729 | D:6      | Reached XP level 9. HP: 61/63 MP: 10/12
  7756 | D:6      | Reached skill level 5 in Invocations
  7764 | D:6      | Reached **** piety under Qazlal
  8000 | D:6      | Reached skill level 6 in Invocations
  8036 | D:6      | Found a shadowy altar of Dithmenos.
  8404 | D:7      | Reached skill level 7 in Invocations
  8640 | D:7      | Reached skill level 8 in Invocations
  9415 | D:8      | Reached skill level 9 in Invocations
  9529 | D:8      | Reached XP level 10. HP: 64/70 MP: 15/17
  9589 | D:8      | Noticed Pikel
  9592 | D:8      | Killed Pikel
  9593 | D:8      | Reached skill level 10 in Invocations
  9621 | D:8      | Reached skill level 11 in Invocations
  9854 | D:8      | Found a hide-covered altar of Uskayaw.
 10167 | D:8      | Noticed Amaemon
 10167 | D:8      | Noticed an orange demon
 10196 | D:8      | Killed an orange demon
 10200 | D:8      | Killed Amaemon
 10201 | D:8      | Reached skill level 12 in Invocations
 10397 | D:9      | Found a flagged portal.
 10412 | Bailey   | Entered a bailey
 10710 | Bailey   | Noticed an orc knight
 10711 | Bailey   | Noticed an orc knight
 10713 | Bailey   | Killed an orc knight
 10714 | Bailey   | Reached skill level 13 in Invocations
 10714 | Bailey   | Reached XP level 11. HP: 75/75 MP: 10/20
 10717 | Bailey   | Killed an orc knight
 10738 | Bailey   | Reached skill level 14 in Invocations
 11140 | D:9      | Reached skill level 1 in Armour
 11238 | D:9      | Found a glowing golden altar of the Shining One.
 11368 | D:9      | Found a staircase to the Lair.
 11600 | D:9      | Noticed a brown ugly thing
 11607 | D:9      | Killed a brown ugly thing
 11608 | D:9      | Reached skill level 5 in Fighting
 12368 | D:10     | Entered Level 10 of the Dungeon
 12648 | D:10     | Noticed a manticore
 12659 | D:10     | Reached skill level 5 in Armour
 12666 | D:10     | Reached XP level 12. HP: 35/88 MP: 19/22
 13228 | D:10     | Noticed a two-headed ogre
 13506 | D:10     | Found Wytzuak's Weapon Shop.
 13710 | D:10     | Noticed Josephine
 13713 | D:10     | Killed Josephine
 13865 | D:10     | Noticed Urug
 13874 | D:10     | Killed Urug
 13937 | D:10     | Identified the +7 great sword "Grum" {vorpal, rElec MP-9
                  | Str-2 Stlth+}
 14090 | D:11     | Noticed a boulder beetle
 14104 | D:11     | Killed a boulder beetle
 14263 | D:11     | Reached skill level 1 in Shields
 14798 | D:11     | Found the +5 robe of Night {Dark Will+ SInv}
 15099 | D:11     | Found a staircase to the Orcish Mines.
 15822 | D:12     | Reached XP level 13. HP: 80/98 MP: 23/23
 16357 | D:13     | Reached skill level 5 in Shields
 16398 | D:13     | Noticed Maurice
 16400 | D:13     | Noticed a boulder beetle
 16401 | D:13     | Killed Maurice
 16408 | D:13     | Killed a boulder beetle
 16537 | D:13     | Noticed a centaur warrior
 16558 | D:14     | Noticed Rupert
 16563 | D:14     | Noticed a boulder beetle
 16573 | D:14     | Killed a boulder beetle
 16754 | D:14     | Found a gate leading to a gauntlet.
 16763 | Gauntlet | Entered a Gauntlet
 16763 | Gauntlet | Found a transporter.
 16763 | Gauntlet | Found a transporter.
 16763 | Gauntlet | Found a runed translucent gate.
 16790 | Gauntlet | Found a runed translucent gate.
 16792 | Gauntlet | Found a transporter.
 16793 | Gauntlet | Found a runed translucent gate.
 16795 | Gauntlet | Found a transporter.
 16795 | Gauntlet | Found a transporter.
 16826 | Gauntlet | Found a transporter.
 16828 | Gauntlet | Found a transporter.
 16828 | Gauntlet | Found a transporter.
 16830 | Gauntlet | Noticed a blizzard demon
 16845 | Gauntlet | Found a transporter.
 16853 | Gauntlet | Noticed an entropy weaver
 16856 | Gauntlet | Found a transporter.
 16866 | Gauntlet | Found a transporter.
 16883 | Gauntlet | Found a transporter.
 16920 | Gauntlet | Found a transporter.
 16933 | Gauntlet | Found a transporter.
 17155 | Gauntlet | Killed a blizzard demon
 17225 | Gauntlet | Identified the +2 helmet of Instinct {rElec Will+ Dex+6
                  | Slay-6}
 17244 | Gauntlet | Identified the ring "Muagahib" {Wiz Dex+3}
 17244 | Gauntlet | Noticed a minotaur
 17257 | Gauntlet | Killed a minotaur
 17371 | Gauntlet | Got the Collected Works on Earthen Sinister Rituals
 17398 | D:13     | Killed a centaur warrior
 18068 | D:14     | Noticed Frances
 18078 | D:14     | Killed Frances
 18379 | D:14     | Killed Rupert
 18630 | D:14     | Noticed a fire dragon
 18631 | D:14     | Noticed a vault guard
 19289 | Lair:1   | Entered Level 1 of the Lair of Beasts
 19428 | Lair:1   | Reached XP level 14. HP: 101/105 MP: 24/24
 20426 | Lair:2   | Noticed Erica
 22586 | Lair:2   | Killed Erica
 22587 | Lair:2   | Reached skill level 15 in Axes
 23037 | Lair:2   | Reached skill level 10 in Shields
 23459 | Lair:2   | Identified the ring "Badeon" {rElec rPois Str+6 Dex+2}
 24914 | Lair:3   | Found a staircase to the Swamp.
 25933 | Lair:4   | Reached XP level 15. HP: 94/110 MP: 25/25
 26060 | Lair:4   | Found a staircase to the Snake Pit.
 27186 | Lair:5   | Reached skill level 10 in Fighting
 27186 | Lair:5   | Reached XP level 16. HP: 123/123 MP: 26/26
 27754 | Lair:6   | Entered Level 6 of the Lair of Beasts
 27874 | Lair:6   | Found a staircase to the Slime Pits.
 27875 | Lair:6   | Found a viscous altar of Jiyva.
 27942 | Lair:6   | Reached ***** piety under Qazlal
 28257 | Lair:6   | Noticed Sonja
 28275 | Lair:6   | Killed Sonja
 28911 | Lair:6   | Found a large runed translucent door.
 29034 | Lair:6   | Found a large runed translucent door.
 29524 | Orc:1    | Entered Level 1 of the Orcish Mines
 29544 | Orc:1    | Reached skill level 15 in Shields
 29884 | Orc:2    | Entered Level 2 of the Orcish Mines
 30361 | Orc:2    | Found Hurol's Weapon Shoppe.
 30427 | Orc:2    | Reached XP level 17. HP: 98/129 MP: 17/27
 30664 | Orc:2    | Found Ilatadu's General Store.
 30664 | Orc:2    | Found Gikhaiga's Book Boutique.
 30666 | Orc:2    | Found Gymulok's Armour Shoppe.
 30666 | Orc:2    | Found Azxifaty's Assorted Antiques.
 30680 | Orc:2    | Bought a potion of haste for 180 gold pieces
 30763 | Orc:2    | Found Rur Xovi's Armour Shoppe.
 30772 | Orc:2    | Bought the +1 tower shield "Bel Raari" {rElec rC+} for 457
                  | gold pieces
 30812 | Orc:2    | Found a staircase to the Elven Halls.
 31114 | Orc:2    | Found Rasheaj's Antique Weapon Shop.
 31303 | Elf:1    | Entered Level 1 of the Elven Halls
 31310 | Elf:1    | Noticed Donald
 31323 | Elf:1    | Killed Donald
 31901 | Swamp:1  | Entered Level 1 of the Swamp
 32187 | Swamp:1  | Found a runed translucent gate.
 32187 | Swamp:1  | Found a runed translucent gate.
 32188 | Swamp:1  | Found a runed translucent gate.
 32190 | Swamp:1  | Noticed zeratav's ghost (journeyman SpAM)
 32190 | Swamp:1  | Noticed Iffuusoj's ghost (adept MiBe)
 32191 | Swamp:1  | Noticed zhov's ghost (journeyman SpHu)
 32192 | Swamp:1  | Noticed DocClef's ghost (journeyman GnFi)
 33075 | Swamp:1  | Acquired the +10 tower shield of Ignorance {rN+ Int-4}
 33075 | Swamp:1  | Found the +10 tower shield of Ignorance {rN+ Int-4}
 34652 | D:14     | Found a gate to the Vaults.
 34754 | D:15     | Entered Level 15 of the Dungeon
 34779 | D:15     | Reached XP level 18. HP: 139/139 MP: 13/28
 35140 | D:15     | Reached ****** piety under Qazlal
 35681 | D:15     | Found a staircase to the Depths.
 35870 | Depths:1 | Entered Level 1 of the Depths
 36236 | Snake:1  | Entered Level 1 of the Snake Pit
 36286 | Snake:1  | Reached skill level 15 in Invocations
 36772 | Snake:1  | Noticed Azrael
 36773 | Snake:1  | Found a frozen archway.
 36779 | IceCv    | Entered an ice cave
 37511 | IceCv    | Noticed a golden dragon
 37527 | IceCv    | Killed a golden dragon
 37528 | IceCv    | Reached skill level 16 in Invocations
 37808 | IceCv    | Identified the ring of Contentment {Will+ Dex+2}
 37810 | IceCv    | Identified the ring "Pugin" {Will+ rCorr Str+7 Slay+3}
 38175 | Snake:1  | Killed Azrael
 38781 | Snake:1  | Noticed Asterion
 38789 | Snake:1  | Killed Asterion
 39102 | Snake:1  | Noticed Roxanne
 39255 | Snake:1  | Reached skill level 17 in Invocations
 39327 | Snake:1  | Identified the +2 leather armour of Korem {Harm Str+5
                  | Dex-5}
 40023 | Snake:2  | Reached XP level 19. HP: 81/145 MP: 31/31
 40300 | Snake:2  | Identified the +1 dagger "Fisalo" {drain, SInv Stlth+}
 41843 | Snake:3  | Found an ancient bone altar of Kikubaaqudgha.
 41873 | Snake:3  | Reached skill level 10 in Armour
 42047 | Snake:4  | Entered Level 4 of the Snake Pit
 43711 | Snake:4  | Got a serpentine rune of Zot
 44439 | Swamp:2  | Reached XP level 20. HP: 89/158 MP: 32/32
 46220 | Swamp:3  | Found a transporter.
 46245 | Swamp:3  | Found a transporter.
 46480 | Swamp:3  | Identified the ring "Nelaup" {rPois Int+6 Dex+4 Stlth+}
 46484 | Swamp:3  | Identified the +0 helmet of Yredelemnul's Outrage {Drain
                  | Str+2 Int+5}
 46864 | Swamp:4  | Entered Level 4 of the Swamp
 47599 | Swamp:4  | Got a decaying rune of Zot
 47632 | Swamp:4  | Reached skill level 15 in Fighting
 49187 | Vaults:1 | Entered Level 1 of the Vaults
 49212 | Vaults:1 | Noticed Zenata
 49218 | Vaults:1 | Killed Zenata
 49434 | Vaults:1 | Found Kaigy's Distillery.
 49449 | Vaults:1 | Bought a potion of haste for 140 gold pieces
 49500 | Vaults:1 | Found a portal to a secret trove of treasure.
 50520 | Vaults:1 | Reached XP level 21. HP: 136/170 MP: 33/33
 50741 | Vaults:1 | Found a runed translucent gate.
 50741 | Vaults:1 | Noticed Shayle's ghost (adept TeBr)
 50742 | Vaults:1 | Found a runed translucent gate.
 50742 | Vaults:1 | Found a runed translucent gate.
 50742 | Vaults:1 | Noticed zhov's ghost (adept FoHu)
 50742 | Vaults:1 | Noticed Ruyty's ghost (adept DsGl)
 50742 | Vaults:1 | Noticed Ladeyfunk's ghost (adept DsBe)
 51221 | Vaults:2 | Got Josch's Further Steps in the Arcane Arts
 51435 | Vaults:2 | Reached skill level 15 in Armour
 52016 | Vaults:2 | Found a runed translucent gate.
 52016 | Vaults:2 | Found a runed translucent gate.
 52016 | Vaults:2 | Found a runed translucent gate.
 52016 | Vaults:2 | Noticed HilariousDeathArtist's ghost (adept CeWn)
 52019 | Vaults:2 | Found a viscous altar of Jiyva.
 52972 | Vaults:3 | Reached skill level 18 in Invocations
 53428 | Vaults:3 | Reached XP level 22. HP: 171/182 MP: 35/35
 53441 | Vaults:3 | Found a staircase to the Crypt.
 53441 | Vaults:3 | Found a basalt altar of Yredelemnul.
 53442 | Vaults:3 | Found an ancient bone altar of Kikubaaqudgha.
 53452 | Vaults:3 | Reached skill level 19 in Invocations
 54258 | Vaults:4 | Found Maomp's Distillery.
 54266 | Vaults:4 | Bought a potion of haste for 150 gold pieces
 55132 | Vaults:4 | Noticed Frederick
 55139 | Vaults:4 | Killed Frederick
 55299 | Vaults:4 | Noticed Jory
 55882 | Vaults:4 | Reached skill level 20 in Invocations
 56940 | Vaults:4 | Killed Jory
 57060 | Vaults:4 | Identified the +1 leather armour of Devotion {Harm rElec}
 57060 | Vaults:4 | Identified the ring "Nottimn" {rC+ rCorr EV+4 Int+6}
 58628 | Vaults:4 | Found the +3 greatsling "Punk" {acid, rCorr}
 58659 | Vaults:4 | Found the ring of the Mage {Wiz Archmagi}
 58897 | Vaults:5 | Entered Level 5 of the Vaults
 58900 | Vaults:5 | Reached XP level 23. HP: 85/196 MP: 28/37
 63136 | Vaults:5 | Identified the +5 scale mail of Gravity {Will+ Dex+2}
 64309 | Vaults:5 | Reached XP level 24. HP: 203/209 MP: 37/37
 64537 | Vaults:5 | Identified the amulet "Zarch" {RegenMP rPois Regen+ Dex-3
                  | SInv}
 64620 | Vaults:5 | Identified the +5 falchion "Angysm" {antimagic, rElec Int+3
                  | Dex+3}
 64777 | Vaults:5 | Got the Compendium of Entrancing Battle Magic
 64780 | Vaults:5 | Got a silver rune of Zot
 64912 | Vaults:5 | Found Lamur's General Store.
 64926 | Vaults:5 | Found Daifymav's Book Shoppe.
 65116 | Vaults:5 | Identified the +1 scale mail of Henotheism {Int+4}
 65442 | Depths:1 | Noticed a juggernaut
 65445 | Depths:1 | Reached skill level 1 in Evocations
 65458 | Depths:1 | Killed a juggernaut
 65820 | Depths:1 | Found Huzxola's Assorted Antiques.
 65843 | Depths:1 | Bought a scroll of teleportation for 144 gold pieces
 65843 | Depths:1 | Found Bezuit's Armour Emporium.
 65877 | Depths:1 | Reached skill level 5 in Evocations
 65943 | Depths:1 | You fall into a shaft and drop 1 floor!
 65988 | Depths:2 | Found a one-way gateway to a ziggurat.
 66376 | Depths:2 | Found a one-way gate to the infinite horrors of the Abyss.
 66510 | Depths:2 | Found a one-way gate leading to the halls of Pandemonium.
 66829 | Depths:1 | Found a gateway to Hell.
 67064 | Depths:1 | Identified the ring "Usafiag" {rC+ rN+ Int+4}
 67538 | Depths:2 | Got the Incunabulum of Creative Shape Shifting
 68128 | Depths:2 | Found a glowing golden altar of the Shining One.
 68139 | Depths:2 | Identified the +2 short sword "Nasugik" {freeze, Str+4
                  | Dex+2}
 68667 | Depths:3 | Found Sieson's Weapon Emporium.
 68672 | Depths:3 | Found Feamaiwn's Antique Armour Emporium.
 68691 | Depths:3 | Reached skill level 10 in Evocations
 68946 | Depths:3 | Gained mutation: You do not regenerate when monsters are
                  | visible. [a neqoxec]
 68975 | Depths:3 | Noticed Sojobo
 68987 | Depths:3 | Killed Sojobo
 69000 | Depths:3 | Reached XP level 25. HP: 27/219 MP: 25/37
 69647 | Depths:3 | Identified the +7 hand axe "Vycosanir" {spect, rElec Will-
                  | Dex+4}
 69714 | Depths:3 | Identified the ring "Qated" {rPois rC- Will+++ Str+6 SInv}
 70420 | Depths:3 | Found a sacrificial altar of Ru.
 71192 | Depths:3 | Found a runed translucent door.
 71718 | Depths:4 | Entered Level 4 of the Depths
 71796 | Depths:4 | Found Xorphanoa's Antique Armour Shoppe.
 72269 | Depths:4 | Reached skill level 21 in Invocations
 73293 | Depths:4 | Bought a brightly glowing chain mail for 256 gold pieces
 73293 | Depths:4 | Identified the +3 chain mail of Ehozol {rElec rPois rN++
                  | Str-4} (You bought it in a shop on level 4 of the Depths)
 73655 | Depths:4 | Found a gate to the Realm of Zot.
 73659 | Depths:4 | Reached skill level 22 in Invocations
 74260 | Depths:4 | Found a sacrificial altar of Ru.
 74308 | Depths:4 | Lost mutation: You do not regenerate when monsters are
                  | visible. [potion of mutation]
 74308 | Depths:4 | Gained mutation: You are agile. (Dex +4, Str/Int -1)
                  | [potion of mutation]
 74315 | Depths:4 | Identified the ring "Nialin" {rPois Str+7}
 74732 | Depths:4 | Reached skill level 23 in Invocations
 74856 | Depths:4 | Identified the +5 chain mail "Igrom" {rC- Int+5}
 75206 | Depths:4 | Reached XP level 26. HP: 208/226 MP: 38/38
 75836 | Zot:1    | Entered Level 1 of the Realm of Zot
 76688 | Zot:1    | Reached skill level 24 in Invocations
 77479 | Zot:1    | Identified the +4 battleaxe of Sepuf {venom, Will+ Str+2
                  | Int-3 Stlth+}
 78418 | Zot:1    | Reached skill level 25 in Invocations
 78752 | Zot:2    | HP: 6/222 [tentacled monstrosity (13)]
 78752 | Zot:2    | Mangled by a tentacled monstrosity

Illustrated notes

Levels and vault maps discovered:
D:1:      psy_arrival_radial02, layout_basic, basic_ecumenical_altar
D:2:      layout_loops_cross, minmay_fractal_squares_gapless_5, uniq_sigmund,
          uniq_robin, uniq_terence
D:3:      layout_loops_ring, mainiacjoe_overflow_chevrons,
          yredelemnul_forgotten_temple_becter, uniq_natasha
D:4:      corexii_shantytown, layout_basic, serial_curves, eino_curves_04,
          eino_curves_02, uniq_crazy_yiuf_cottage
D:5:      layout_layer_cave, minmay_temple_entry_stoned_glass
D:6:      layout_gridville, grunt_dithmenos_shadows, trog_ov_bears_minmay
D:7:      layout_loops_corners, minmay_misc_feat_five
D:8:      layout_gridville, nicolae_uskayaw_dance_hall, uniq_pikel, uniq_amaemon
D:9:      kennysheep_big_flooded_room, layout_basic,
          mainiacjoe_overflow_cross_hatched, lair_entry_dummy, enter_bailey_2,
          minmay_misc_feat_square
D:10:     layout_basic, kennysheep_windowed_goal, uniq_josephine, uniq_urug
D:11:     layout_irregular_city, zombieorc1_lemuel,
          hellmonk_guarded_unrand_night
D:12:     layout_roguey
D:13:     layout_cave_pools, uniq_maurice
D:14:     layout_roguey, david_vaults_5, special_room [special_room_orc],
          gauntlet_entry_generic, minmay_misc_feat_hallway, uniq_rupert,
          uniq_frances
D:15:     gammafunk_enter_depths_forms, layout_long_grid, corexii_corridor_pit
Temple:   nicolae_temple_x_marks_the_god
Lair:1:   layout_chaotic_city, st_stairs_6, beast_lair_carwin_5
Lair:2:   layout_layer_cave, uniq_erica
Lair:3:   layout_loops_ring, nicolae_swamp_entry_splash_gauntlet, minmay_holes,
          chequers_serial_rivers_small_3, grunt_megastairs_3,
          infiniplex_staircase_pool
Lair:4:   regret_index_tunnel_blossom, layout_hall_layers,
          guppyfry_snake_entry_garden, disabler_island
Lair:5:   layout_roguey
Lair:6:   cheibrodos_lair_end_hotspot, layout_loops_ring, slime_entry_1,
          grunt_forest_large_clearing_hut, uniq_sonja
Swamp:1:  nicolae_swamp_flooded_prison, layout_basic_swamp,
          gammafunk_ghost_cemetery, evilmike_swamp_ruin_house_5
Swamp:2:  layout_basic_swamp, evilmike_swamp_ruin_rubble_2
Swamp:3:  gammafunk_worm_tunnel, layout_basic_swamp,
          evilmike_swamp_ruin_house_1, swamp_pool1
Swamp:4:  grunt_swamp_rune_castle, layout_basic_swamp, swamp_pool2,
          nicolae_swamp_spooky_pond
Snake:1:  layout_misc_corridors, portal_ice_cave_entry_pillars_three,
          uniq_azrael, uniq_roxanne, uniq_asterion
Snake:2:  layout_onion_interference, grunt_megastairs_5
Snake:3:  layout_basic, basic_altar
Snake:4:  snake_pit, layout_layer_cave, grunt_megastairs_2
Orc:1:    layout_caves
Orc:2:    grunt_orc_tribal_feast, layout_diamond_mine, serial_shops, shop,
          nicolae_shop_bloodbath_and_beyond, shop, basic_altar
Elf:1:    minmay_elf_arrival_circle, layout_onion_city, serial_shops, shop,
          evilmike_minifort, nicolae_rare_books, uniq_donald
Vaults:1: gammafunk_ghost_cemetery, nicolae_vaults_network_barrier, v_misc_3,
          nicolae_vaults_little_squares_3, ontoclasm_vaults_tryst, v_misc_11,
          nicolae_vaults_little_squares_1,
          nicolae_vaults_windows_and_doors_thing, st_lattice,
          hangedman_vaults_maws, vaults_dpeg_hooks, layout_vaults_chaotic_city,
          nicolae_trove_entry_crystal, serial_shops, nicolae_shop_statue_plus,
          uniq_zenata
Vaults:2: gammafunk_ghost_ooze, v_misc_27, nicolae_vaults_network_periphery,
          vaults_standard_mumra_enter_the_diamond, nicolae_vaults_specimen_jars,
          nicolae_vaults_twisting_passages, v_misc_10, vaults_room_glass_cross,
          layout_vaults_quadrants
Vaults:3: nicolae_vaults_big_angled_halls, minmay_crypt_entry_necro_gods,
          vaults_mumra_hex, nicolae_vaults_triangles, nicolae_vaults_what_the_h,
          v_misc_12, v_misc_28, v_alt_pattern_1, vaults_dpeg_encased_lava,
          grunt_vaults_hallway_long, nicolae_vaults_diagonal_hallway_8,
          layout_vaults_ring
Vaults:4: ontoclasm_vaults_bender, st_greater_box_4, hangedman_vaults_trim,
          nicolae_vaults_big_angled_halls, v_misc_19, v_misc_26,
          ontoclasm_vaults_spin, v_rooms_1, nicolae_vaults_theta,
          vaults_standard_mumra_enter_the_diamond,
          vaults_room_grunt_arrival_ludios, nicolae_vaults_theta,
          layout_vaults_big_cross, serial_shops, shop, uniq_frederick, uniq_jory
Vaults:5
Depths:1: layout_twisted_cross, hell_entry, hangedman_cracks_in_the_wall,
          minmay_shoptagon, serial_bayou_shore_b
Depths:2: abrahamwl_protected_by_tso_3, layout_honeycomb, enter_ziggurat_d,
          pf_hell_entry_tar_spiral, pan_entry, abyss_entry, minmay_fountain_box,
          minislime_mu, infiniplex_staircase_pillars_2, uniq_josephina
Depths:3: minmay_the_grid_triangle_9x9_line_8_mashed
          [minmay_the_grid_triangle_9x9_impossible_snake,
          minmay_the_grid_triangle_9x9_swiss_cheese,
          minmay_the_grid_triangle_9x9_checkered,
          minmay_the_grid_triangle_9x9_subtriangle,
          minmay_the_grid_triangle_9x9_cache,
          minmay_the_grid_triangle_9x9_skeleton,
          minmay_the_grid_triangle_9x9_corrupted_corridor,
          minmay_the_grid_triangle_9x9_prize_insulated], layout_cave_shapes,
          rand_demon_pan_entry_3, abyss_entry, lemuel_round_altar,
          pf_coc_iceberg, chequers_serial_rivers_large_a, minmay_shop_star,
          uniq_sojobo
Depths:4: lemuel_castle_with_subvaults [lemuel_castle_interior_original],
          layout_cave_pools, pan_entry, serial_shops, shop, hell_entry,
          hangedman_ru_absence, abyss_entry_crystal, grunt_decor_cap
Zot:1:    kennysheep_room_grid, layout_misc_corridors,
          hangedman_zot_wheel_spokes
Zot:2:    layout_onion, evilmike_ambush [evilmike_ambush_outer_basic,
          evilmike_ambush_inner_basic], grunt_megastairs_4

Skill      XL: |  1  2  3  4  5  6  7  8  9 10 11 12 13 14 15 16 17 18 19 20 21 22 23 24 25 26 |
---------------+-------------------------------------------------------------------------------+-----
Axes           | 3 4 6 8 10 11 14 17 18 | 18.0
Invocations    | 4 9 13 14 17 18 20 23 25 | 25.0
Armour         | 5 7 9 12 14 16 | 16.6
Fighting       | 6 8 10 11 13 15 17 20 22 | 22.5
Shields        | 4 8 11 12 15 17 18 | 18.5
Evocations     | 11 12 | 12.1
Dodging        | |  2.3
Stealth        | |  5.0

Action                   |  1- 3 |  4- 6 |  7- 9 | 10-12 | 13-15 | 16-18 | 19-21 | 22-24 | 25-27 || total
-------------------------+-------+-------+-------+-------+-------+-------+-------+-------+-------++-------
Melee: Hand axe          |   101 |   118 |     4 |       |       |       |       |       |       ||   223
       Dagger            |       |    61 |    42 |       |       |       |       |       |       ||   103
       Broad axe         |       |       |   243 |   316 |   453 |   916 |   878 |   889 |   571 ||  4266
       Punch             |       |       |     2 |     2 |       |       |       |       |       ||     4
Throw: Dart              |       |     2 |     5 |     7 |     2 |     1 |     1 |     1 |       ||    19
       Boomerang         |       |       |       |       |    10 |     4 |     2 |     3 |     2 ||    21
       Throwing net      |       |       |       |       |       |       |       |     1 |       ||     1
Invok: Upheaval          |       |       |     6 |    27 |    28 |    47 |    33 |    53 |    29 ||   223
       Disaster Area     |       |       |       |       |       |       |       |     1 |       ||     1
       Elemental Force   |       |       |       |       |       |       |       |       |     1 ||     1
Evoke: Wand              |     1 |       |       |     5 |     8 |    20 |     1 |       |       ||    35
       Condenser vane    |       |       |       |       |     1 |     1 |     1 |     2 |     1 ||     6
       Box of beasts     |       |       |       |       |       |     1 |       |       |       ||     1
       Tin of tremorston |       |       |       |       |       |       |       |       |     2 ||     2
       Phial of floods   |       |       |       |       |       |       |       |       |     1 ||     1
  Use: Scroll            |     8 |     1 |    11 |    10 |    15 |     4 |     8 |    13 |     2 ||    72
       Potion            |     3 |     1 |     4 |     4 |     4 |     5 |     3 |    11 |     9 ||    44
 Stab: Sleeping          |     5 |       |       |       |       |       |       |       |       ||     5
       Distracted        |       |       |       |     1 |     1 |       |       |       |       ||     2
       Petrifying        |       |       |       |       |       |       |       |     3 |       ||     3
Armor: Leather armour    |    25 |       |       |       |       |       |       |       |       ||    25
       Scale mail        |     2 |    68 |    55 |       |       |       |       |       |       ||   125
       Chain mail        |       |       |    21 |       |       |       |       |       |       ||    21
       Ring mail         |       |       |    49 |   140 |   142 |   185 |   169 |   218 |   199 ||  1102
Dodge: Dodged            |    54 |    76 |   134 |   145 |    97 |   119 |    96 |   158 |   105 ||   984
       Repelled          |       |       |       |     2 |     2 |     5 |    11 |    11 |     8 ||    39
Block: Other             |     1 |    10 |    50 |    20 |       |       |       |       |       ||    81
       Buckler           |       |       |       |    50 |       |       |       |       |       ||    50
       Kite shield       |       |       |       |    58 |   381 |   217 |       |       |       ||   656
       Tower shield      |       |       |       |       |       |   791 |  1121 |  1147 |   769 ||  3828

Table legend: (Time is in decaauts)
 A = Elapsed time spent in this place.
 B = Non-inter-level travel time spent in this place.
 C = Inter-level travel time spent in this place.
 D = Time resting spent in this place.
 E = Time spent auto-exploring this place.
 F = Levels seen in this place.
 G = Mean time per level.
                   A        B        C        D        E       F      G
               +--------+--------+--------+--------+--------+-----+--------+
         Total |  78644 |  73685 |   4959 |  24950 |  38219 |  47 | 1673.3 |
       Dungeon |  20655 |  18840 |   1815 |   2020 |  13579 |  15 | 1377.0 |
        Temple |     96 |     46 |     50 |      0 |     41 |   1 |   96.0 |
          Lair |  10776 |   9763 |   1013 |   2753 |   5842 |   6 | 1796.0 |
         Swamp |   6814 |   6443 |    371 |   1943 |   3611 |   4 | 1703.5 |
     Snake Pit |   6400 |   6216 |    184 |   2693 |   2734 |   4 | 1600.0 |
  Orcish Mines |   1838 |   1619 |    219 |    349 |    991 |   2 |  919.0 |
   Elven Halls |    344 |    339 |      5 |    275 |     17 |   1 |  344.0 |
        Vaults |  15989 |  15335 |    654 |   7760 |   5698 |   5 | 3197.8 |
        Depths |  11781 |  11167 |    614 |   5898 |   3714 |   4 | 2945.2 |
           Zot |   1421 |   1390 |     31 |    536 |    602 |   2 |  710.5 |
        Bailey |    539 |    539 |      0 |    190 |    258 |   1 |  539.0 |
      Ice Cave |   1374 |   1374 |      0 |    533 |    690 |   1 | 1374.0 |
      Gauntlet |    611 |    611 |      0 |      0 |    441 |   1 |  611.0 |
               +--------+--------+--------+--------+--------+-----+--------+

Top non-repeatable levels by time:
Vaults:4: 8991 daAuts
Depths:3: 4832 daAuts
Depths:4: 4098 daAuts
  Lair:1: 3220 daAuts
     D:9: 2386 daAuts
 Snake:1: 2317 daAuts
Vaults:3: 2278 daAuts
 Swamp:1: 2238 daAuts
  Lair:2: 2212 daAuts
 Swamp:3: 2099 daAuts
 Snake:4: 1977 daAuts
    D:14: 1916 daAuts
Vaults:1: 1915 daAuts
Depths:2: 1914 daAuts
  Lair:3: 1826 daAuts
